 Dungeon Crawl Stone Soup version 0.21.1-1-g345015f (webtiles) character file.

15 letownia2 the Ducker (level 2, 9/13 HPs)
             Began as a Spriggan Venom Mage on Feb 13, 2018.
             Was an Initiate of Sif Muna.
             Quit the game on level 3 of the Dungeon.
             The game lasted 00:03:32 (485 turns).

letownia2 the Ducker (Spriggan Venom Mage)           Turns: 485, Time: 00:03:32

Health: 9/13       AC:  2    Str:  4    XL:     2   Next: 34%
Magic:  2/7        EV: 19    Int: 16    God:    Sif Muna [......]
Gold:   44         SH:  0    Dex: 20    Spells: 4/7 levels left

rFire    . . .     SeeInvis +   (weapon restricted)
rCold    . . .     Gourm    .   (shield restricted)
rNeg     . . .     Faith    .   a - +0 robe
rPois    .         Spirit   .   (helmet restricted)
rElec    .         Reflect  .   (no cloak)
rCorr    .         Harm     .   (gloves unavailable)
MR       .....                  (boots unavailable)
Stlth    +++.......             (no amulet)
HPRegen  0.04/turn              d - +4 ring of dexterity
MPRegen  0.10/turn              (no ring)

@: very quick
A: very small, unfitting armour, see invisible, herbivore, speed 3, slow
metabolism 2
a: Renounce Religion


You were on level 3 of the Dungeon.
You worshipped Sif Muna.
Sif Muna was noncommittal.
You were not hungry.

You visited 1 branch of the dungeon, and saw 3 of its levels.

You collected 44 gold pieces.

Inventory:

Armour
 a - a +0 robe (worn)
Jewellery
 d - a +4 ring of dexterity (left hand)
Scrolls
 f - a scroll of remove curse {unknown}
 h - a scroll of identify {unknown}
 i - a scroll of noise {unknown}
Potions
 e - 2 potions of brilliance {unknown}
 g - a potion of haste {unknown}
Books
 b - a Young Poisoner's Handbook

   Spells                             Type                      Level
   a - Sting                          Conjuration/Poison           1
   b - Poisonous Vapours              Poison/Air                   2
   c - Mephitic Cloud                 Conjuration/Poison/Air       3
   d - Olgreb's Toxic Radiance        Poison                       4
   e - Venom Bolt                     Conjuration/Poison           5
Comestibles
 c - 2 rations


   Skills:
 + Level 3.3 Dodging
 - Level 3.0 Stealth
 + Level 3.0 Spellcasting
 + Level 1.0 Conjurations
 + Level 3.2 Poison Magic


You had 4 spell levels left.
You knew the following spells:

 Your Spells              Type           Power        Failure   Level  Hunger
a - Sting                 Conj/Pois      #...         8%          1    #......
v - Poisonous Vapours     Pois/Air       #.....       14%         2    ##.....


Dungeon Overview and Level Annotations

Branches:
Dungeon (3/15)

Altars:
Dithmenos
Elyvilon
Hepliaklqana
Sif Muna
Xom
The Shining One


Innate Abilities, Weirdness & Mutations

You are very small and have problems with some larger weapons.
You are too small for most types of armour.
You have supernaturally acute eyesight. (SInv)
You are a herbivore.
You cover ground extremely quickly.
You need consume almost no food.


Message History

Casting: Sting
Confirm with . or Enter, or press ? or * to list all spells.
You don't know that spell.
You climb downwards.
Your magical contamination has completely faded away.
There is a stone staircase leading up here.
Unknown command.
Unknown command.
Memorise Poisonous Vapours, consuming 2 spell levels and leaving 4?
You start memorising the spell.
You continue memorising. x2
You finish memorising.
Spell assigned to 'b'.
Adjust (i)tems, (s)pells, or (a)bilities?
Adjust which spell? b - Poisonous Vapours Adjust to which letter? v - Poisonous Vapours
Casting: Sting
Confirm with . or Enter, or press ? or * to list all spells.
Okay, then.
Are you sure you want to abandon this character and quit the game? (Confirm with "yes".)

#. .. .# ### .#
.. .### #. ...
#.#.######
#.@.......
.........######
#.####.### ..
###


There were no monsters in sight!

Vanquished Creatures
  A ball python (D:1)
  5 goblins (D:2)
  4 hobgoblins
  3 bats
13 creatures vanquished.

Notes
Turn   | Place    | Note
-------+----------+-------------------------------------------
     0 | D:1      | letownia2 the Spriggan Venom Mage began the quest for the Orb.
     0 | D:1      | Reached XP level 1. HP: 9/9 MP: 5/5
   182 | D:2      | Found a white marble altar of Elyvilon.
   182 | D:2      | Found a shadowy altar of Dithmenos.
   184 | D:2      | Found a shimmering altar of Xom.
   184 | D:2      | Found a deep blue altar of Sif Muna.
   184 | D:2      | Found a glowing golden altar of the Shining One.
   184 | D:2      | Found a hazy altar of Hepliaklqana.
   193 | D:2      | Became a worshipper of Sif Muna the Loreminder
   298 | D:2      | Reached XP level 2. HP: 13/13 MP: 0/6
   321 | D:2      | Reached skill level 1 in Conjurations
   485 | D:3      | Learned a level 2 spell: Poisonous Vapours
   485 | D:3      | Quit the game

Skill      XL: |  1  2 |
---------------+-------+-----
Spellcasting   | 3 |  3.0
Conjurations   | 1 |  1.0
Dodging        | |  3.3
Stealth        | |  3.0
Poison Magic   | |  3.2

Action                   || total
-------------------------++-------
Melee: Unarmed           ||    21
 Cast: Sting             ||    27
Armor: Robe              ||    10
Dodge: Dodged            ||    35
